Map: [ESL] Moondance

Players

piglet - Winner!

  • Race: Terran Terran
  • Spawn Location: 6:00

PattyMac

  • Race: Protoss Protoss
  • Spawn Location: 12:00

Event: DreamHack SC2 Masters 2022 Valencia

VOD

Have the link to the VOD?

Description

Time

  • Played on: July 1, 2022, 2:28 p.m.
  • Length: 7:23

All games in this series

Show
View Real Time Build Order
Export as new Build Order

piglet Terran - Winner!

Build Orders: Gas First Reaper Expand 

Get SALT Encoding   

  12  0:00  SCV  
  13  0:12  SCV  
  14  0:17  Supply Depot  
  14  0:24  SCV  
  14  0:27  Refinery  
  15  0:38  SCV  
  16  0:43  Barracks  
  16  0:50  SCV  
  17  1:02  SCV  
  18  1:14  SCV  
  19  1:30  Orbital Command, Reaper  
  20  1:41  Command Center  
  20  1:52  Factory  
  20  1:56  SCV  
  21  2:02  Refinery  
  21  2:05  Barracks Reactor  
  21  2:08  SCV  
  21  2:12  Supply Depot  
  22  2:21  SCV  
  23  2:34  SCV  
  23  2:35  Factory Tech Lab  
  24  2:37  Bunker  
  24  2:42  Marine x2  
  26  2:44  Starport  
  26  2:47  SCV  
  27  3:00  Supply Depot  
  27  3:02  Cyclone  
  30  3:06  Marine  
  31  3:21  SCV  
  31  3:23  Medivac  
  34  3:27  Marine x2  
  34  3:33  SCV  
  37  3:36  Orbital Command  
  37  3:45  SCV  
  37  3:47  Factory Tech Lab  
  38  3:50  Marine x2  
  40  3:58  SCV  
  40  4:02  SCV  
  42  4:05  Barracks  
  42  4:06  Raven  
  42  4:08  Marine  
  45  4:10  SCV  
  45  4:13  Marine  
  45  4:14  SCV  
  47  4:22  SCV  
  46  4:25  Siege Tank  
  46  4:26  SCV, Marine  
  50  4:33  Supply Depot  
  50  4:34  SCV  
  50  4:38  SCV  
  52  4:46  SCV  
  52  4:50  SCV  
  53  4:55  Marine x2  
  53  4:58  SCV  
  56  5:02  SCV  
  57  5:10  SCV  
  55  5:14  SCV  
  52  5:22  SCV  
  52  5:25  Marine  
  52  5:26  SCV  
  50  5:32  Starport Reactor  
  50  5:34  SCV  
  51  5:36  Siege Tank, Marine, Stimpack  
  51  5:38  SCV  
  56  5:46  SCV  
  56  5:48  Refinery  
  56  5:49  Marine x2  
  57  5:50  SCV, Supply Depot  
  57  5:56  Marine  
  60  5:59  SCV  
  60  6:03  SCV  
  60  6:04  Supply Depot  
  62  6:08  Engineering Bay  
  62  6:11  SCV, Marine x2  
  62  6:15  SCV  
  66  6:20  Marine  
  66  6:22  Medivac  
  66  6:23  SCV  
  66  6:25  Barracks, Medivac  
  72  6:26  Supply Depot  
  72  6:27  SCV  
  73  6:33  Marine x2  
  73  6:38  SCV  
  76  6:41  Refinery  
  76  6:42  SCV  
  76  6:43  Supply Depot  
  77  6:48  Marauder  
  77  6:53  Marine x2  
  83  6:55  SCV  
  83  6:57  SCV  
Show
View Real Time Build Order
Export as new Build Order

PattyMac Protoss 

Build Orders: 1 Gate Expand, Blink Stalkers 

Get SALT Encoding   

  12  0:00  Probe  
  13  0:12  Probe  
  14  0:17  Pylon  
  14  0:24  Probe (Chrono Boost)  
  16  0:36  Probe (Chrono Boost), Gateway  
  16  0:43  Probe (Chrono Boost)  
  16  0:45  Assimilator  
  17  0:51  Probe  
  18  1:03  Probe  
  19  1:04  Gateway  
  19  1:23  Cybernetics Core  
  19  1:38  Nexus  
  19  1:46  Pylon  
  19  1:47  Probe  
  20  1:59  Adept (Chrono Boost)  
  22  2:02  Probe  
  22  2:06  Adept (Chrono Boost)  
  25  2:11  Assimilator  
  25  2:16  Probe  
  25  2:20  Adept (Chrono Boost)  
  28  2:24  Adept  
  30  2:30  Probe  
  31  2:39  Warp Gate (Chrono Boost)  
  31  2:49  Probe  
  31  2:50  Pylon  
  33  3:05  Probe  
  33  3:07  Probe  
  33  3:09  Adept  
  33  3:11  Twilight Council  
  36  3:16  Adept  
  36  3:18  Probe (Chrono Boost)  
  36  3:19  Probe (Chrono Boost)  
  40  3:30  Probe (Chrono Boost)  
  40  3:31  Probe (Chrono Boost)  
  42  3:35  Probe (Chrono Boost)  
  42  3:36  Probe (Chrono Boost)  
  42  3:38  Robotics Facility  
  44  3:44  Probe  
  44  3:45  Probe  
  44  3:51  Blink (Chrono Boost)  
  44  3:56  Probe  
  44  3:57  Probe  
  44  3:59  Assimilator  
  46  4:05  Gateway  
  46  4:08  Probe  
  48  4:10  Probe  
  47  4:20  Probe  
  47  4:22  Probe  
  47  4:30  Stalker  
  49  4:32  Probe  
  49  4:33  Stalker  
  49  4:34  Probe  
  52  4:44  Probe  
  52  4:46  Probe  
  47  4:55  Stalker  
  47  4:56  Probe  
  47  4:58  Probe  
  45  5:03  Stalker  
  44  5:08  Probe  
  44  5:10  Probe  
  36  5:27  Zealot x3  
  36  5:28  Probe (Chrono Boost)  
  33  5:31  Probe (Chrono Boost)  
  33  5:40  Probe (Chrono Boost)  
  33  5:42  Probe (Chrono Boost)  
  35  5:45  Charge (Chrono Boost)  
  35  5:46  Probe (Chrono Boost)  
  36  5:51  Nexus  
  36  5:54  Probe  
  36  5:58  Stalker  
  36  6:03  Probe (Chrono Boost)  
  39  6:06  Probe (Chrono Boost)  
  39  6:13  Stalker  
  39  6:16  Probe (Chrono Boost)  
  39  6:17  Probe (Chrono Boost)  
  39  6:25  Probe  
  39  6:26  Probe  
  40  6:37  Probe  
  40  6:38  Probe  
  40  6:39  Stalker  
  44  6:40  Stalker  
  47  6:49  Probe  
  47  6:50  Probe  
  47  6:51  Shield Battery  
  49  7:01  Probe  
  50  7:02  Probe  
  50  7:05  Zealot x2  

Tags
 
Add a new tag
Caveats
  • Supply blocks, unpowered buildings, or Contaminate may cause inaccurate times.
  • Supply counts are checked every 10 seconds.